 Dungeon Crawl Stone Soup version 0.28-a0-124-g73ec313a74 (webtiles) character file.

Game seed: 17360493919959181088

58 Sweetruy1997 the Ducker (level 3, 0/20 HPs)
             Began as a Spriggan Abyssal Knight on Aug 15, 2021.
             Was a Follower of Lugonu.
             Slain by a scorpion (6 damage)
             ... on level 3 of the Dungeon.
             The game lasted 00:04:59 (1927 turns).

Sweetruy1997 the Ducker (Spriggan Abyssal Knight)   Turns: 1927, Time: 00:04:59

Health: 0/20       AC:  2    Str:  9    XL:     3   Next: 75%
Magic:  5/5        EV: 17    Int: 13    God:    Lugonu [*.....]
Gold:   23         SH:  5    Dex: 14    Spells: 2/2 levels left

rFire   . . .      SeeInvis +   a - +1 short sword
rCold   . . .      Faith    .   c - +0 buckler
rNeg    . . .      Spirit   .   b - +0 robe
rPois   .          Reflect  .   (helmet restricted)
rElec   .          Harm     .   (no cloak)
rCorr   .          Rampage  .   (gloves unavailable)
Will    .....                   (boots unavailable)
Stlth   +.........              (no amulet)
HPRegen 0.06/turn               (no ring)
MPRegen 0.09/turn               (no ring)

@: very quick
A: very small, no large weapons, unfitting armour, see invisible, speed 3
a: Renounce Religion, Depart the Abyss


You were on level 3 of the Dungeon.
You worshipped Lugonu.
Lugonu was aware of your devotion.
You visited 1 branch of the dungeon, and saw 4 of its levels.
You visited the Abyss 1 time.

You collected 23 gold pieces.

Inventory:

Hand Weapons
 a - a +1 short sword (weapon)
 d - a +2 vorpal hunting sling
Missiles
 e - 64 stones
Armour
 b - a +0 robe (worn)
 c - a +0 buckler (worn)
Scrolls
 f - a scroll of immolation {unknown}


   Skills:
 + Level 3.1 Fighting
 + Level 3.2 Short Blades
 + Level 3.7 Dodging
 + Level 0.1 Stealth
 + Level 1.9 Invocations


You had 2 spell levels left.
You didn't know any spells.
Your spell library was empty.

Dungeon Overview and Level Annotations

Branches:
Dungeon (4/15)
 Temple: D:4-7

Altars:
Nemelex Xobeh


Innate Abilities, Weirdness & Mutations

You are very small and have problems with some larger weapons.
You are too small for most types of armour.
You have supernaturally acute eyesight. (SInv)
You cover ground extremely quickly. (Speed+++)


Message History

You hit the scorpion but do no damage.
The scorpion is lightly wounded.
You feel sick.
You are no longer poisoned.
You block the scorpion's attack.
You closely miss the scorpion.
The scorpion is lightly wounded.
The scorpion completely misses you.
You barely miss the scorpion.
The scorpion is lightly wounded.
You block the scorpion's attack.
You hit the scorpion.
The scorpion is lightly wounded.
The scorpion closely misses you. You block the scorpion's attack.
You hit the scorpion.
The scorpion is moderately wounded.
You block the scorpion's attack.
You hit the scorpion but do no damage.
The scorpion is moderately wounded.
The scorpion closely misses you.
You barely miss the scorpion.
The scorpion is moderately wounded.
The scorpion stings you but does no damage.
The scorpion misses you.
You hit the scorpion.
The scorpion is moderately wounded.
The scorpion barely misses you.
You hit the scorpion.
The scorpion is moderately wounded.
The scorpion stings you but does no damage.
You hit the scorpion.
The scorpion is severely wounded.
The scorpion barely misses you.
You hit the scorpion.
The scorpion is severely wounded.
The scorpion barely misses you. The scorpion completely misses you.
You completely miss the scorpion.
The scorpion is severely wounded.
The scorpion stings you.
You die...

.....
##...##
##.....##
##.......##
#.........#
+.>.......+
#.........#
#.......#
##...@.##
##.s.##
##+##


You could see a scorpion.

Vanquished Creatures
  A hound skeleton (D:4)
  2 adders (D:2)
  A worm (D:2)
  A dart slug (D:1)
  An endoplasm (D:1)
  A giant cockroach (D:1)
  3 goblins
  3 jackals (D:1)
  A kobold (D:2)
  2 ball pythons (D:1)
  3 bats
  A frilled lizard (D:1)
  2 rats (D:1)
22 creatures vanquished.

Notes
Turn   | Place    | Note
-------+----------+-------------------------------------------
     0 | Abyss:1  | Sweetruy1997 the Spriggan Abyssal Knight began the quest
                  | for the Orb.
     0 | Abyss:1  | Reached XP level 1. HP: 11/11 MP: 3/3
    41 | Abyss:1  | Noticed an ancient zyme
    42 | D:1      | Escaped the Abyss
   156 | D:1      | Reached XP level 2. HP: 12/16 MP: 4/4
   743 | D:1      | Found a faded altar of an unknown god.
   818 | D:1      | Reached * piety under Lugonu
  1389 | D:2      | Found a sparkling altar of Nemelex Xobeh.
  1409 | D:2      | Reached XP level 3. HP: 3/20 MP: 5/5
  1876 | D:2      | You fall into a shaft and drop 2 floors!
  1905 | D:3      | Noticed a scorpion
  1927 | D:3      | Slain by a scorpion

Illustrated notes

Levels and vault maps discovered:
D:1:      lemuel_arrival_tunnels, layout_loops_ring,
          shapermc_ecumenical_altar_starsandcircs
D:2:      layout_basic, basic_altar, uniq_robin
D:3:      layout_loops_corners, portal_sewer_entry_b, kennysheep_minor_cross,
          uniq_sigmund
D:4:      layout_rooms, mainiacjoe_overflow_tiny_flanked,
          nzn_hepliaklqana_mist_gate, mainiacjoe_overflow_concentric_impassable,
          nicolae_qazlal_general_emergency, old_standard_altar, serial_shops,
          shop

Skill      XL: |  1  2  3 |
---------------+----------+-----
Fighting       | 3 |  3.1
Short Blades   | 3 |  3.2
Dodging        | |  3.7
Stealth        | |  0.1
Invocations    | |  1.9

Action                   || total
-------------------------++-------
Melee: Short sword       ||   100
 Fire: Hunting sling     ||     8
Invok: Depart the Abyss  ||     1
Armor: Robe              ||     6
Dodge: Dodged            ||    78
Block: Buckler           ||    11

Table legend: (Time is in decaauts)
 A = Elapsed time spent in this place.
 B = Non-inter-level travel time spent in this place.
 C = Inter-level travel time spent in this place.
 D = Time resting spent in this place.
 E = Time spent auto-exploring this place.
 F = Levels seen in this place.
 G = Mean time per level.
                   A        B        C        D        E       F      G
               +--------+--------+--------+--------+--------+-----+--------+
         Total |   1450 |   1398 |     52 |    481 |    734 |   5 |  290.0 |
       Dungeon |   1425 |   1373 |     52 |    481 |    711 |   4 |  356.2 |
         Abyss |     25 |     25 |      0 |      0 |     23 |   1 |   25.0 |
               +--------+--------+--------+--------+--------+-----+--------+

Top non-repeatable levels by time:
     D:1: 811 daAuts
     D:2: 570 daAuts
 Abyss:1: 25 daAuts
     D:3: 22 daAuts
     D:4: 21 daAuts
